 Dungeon Crawl Stone Soup version 0.28.0-62-gf88900778d (webtiles) character file.

Game seed: 7014582849064082245

16766 cbfl8 the Cleaver (level 12, -4/82 HPs)
             Began as a Demonspawn Fighter on Oct 6, 2023.
             Was a High Priest of Hepliaklqana.
             Slain by an anaconda skeleton (8 damage)
             ... on level 2 of the Abyss.
             The game lasted 00:18:29 (15650 turns).

cbfl8 the Cleaver (Demonspawn Fighter)             Turns: 15650, Time: 00:18:29

Health: -4/82      AC: 19    Str: 16    XL:     12   Next: 12%
Magic:  0/25       EV:  3    Int:  7    God:    Hepliaklqana [*****.]
Gold:   707        SH:  6    Dex: 18    Spells: 11/11 levels left

rFire   + . .      SeeInvis .   z - +7 broad axe (elec)
rCold   . . .      Faith    .   c - +0 buckler
rNeg    . . .      Spirit   +   E - +0 chain mail
rPois   +          Reflect  .   F - +2 helmet
rElec   +          Harm     .   (no cloak)
rCorr   +          Rampage  .   (gloves unavailable)
Will    .....                   y - +0 pair of boots {Fly}
Stlth   ..........              b - amulet of guardian spirit
HPRegen 0.23/turn               j - ring of poison resistance
MPRegen 0.38/turn               d - ring "Wuat" {rF+ rCorr MP+9 Int-3}

@: flying, hasted, constricted, very quick
A: reduced essence, claws 3, thin metallic scales 3, magic regeneration, demonic
magic 1
a: Renounce Religion, Recall Ancestor, Ancestor Identity, Transference, Idealise


You were on level 2 of the Abyss.
You worshipped Hepliaklqana.
Hepliaklqana was extremely pleased with you.
You visited 2 branches of the dungeon, and saw 15 of its levels.
You visited the Abyss 1 time.

You collected 791 gold pieces.
You spent 84 gold pieces at shops.

Inventory:

Hand Weapons
 z - a +7 broad axe of electrocution (weapon)
Missiles
 D - 4 throwing nets
Armour
 c - a +0 buckler (worn)
 y - a +0 pair of boots of flying (worn)
 E - a +0 chain mail (worn)
 F - a +2 helmet (worn)
Jewellery
 b - an amulet of guardian spirit (around neck)
 d - the ring "Wuat" (right claw) {rF+ rCorr MP+9 Int-3}
   (You found it on level 9 of the Dungeon)

   [ring of magical power]

   Int:       It affects your intelligence (-3).
   rF:        It protects you from fire.
   MP:        It affects your magic capacity (+9).
   rCorr:     It protects you from acid and corrosion.
 j - a ring of poison resistance (left claw)
Wands
 o - a wand of charming (3)
 x - a wand of flame (49)
 C - a wand of polymorph (8)
 G - a wand of iceblast (3) (quivered)
 K - a wand of digging (4)
Scrolls
 e - 2 scrolls of noise
 g - a scroll of identify
 k - 2 scrolls of fog
 l - 2 scrolls of teleportation
 m - 2 scrolls of summoning
 n - a scroll of fear
 s - 2 scrolls of blinking
 A - a scroll of magic mapping
 H - a scroll of immolation
Potions
 a - 2 potions of berserk rage {unknown}
 i - a potion of lignification
 p - 2 potions of curing
 q - 3 potions of cancellation
 r - a potion of might
 t - a potion of invisibility {unknown}
 u - a potion of resistance
 B - a potion of ambrosia {unknown}
 I - a potion of flight
Miscellaneous
 f - a phial of floods
 J - a condenser vane


   Skills:
 + Level 7.7 Fighting
 + Level 11.2(11.7) Axes
 - Level 5.1(8.8) Polearms
 + Level 8.2 Armour
 + Level 4.9 Shields
 * Level 5.9 Invocations
 * Level 8.0 Evocations


You had 11 spell levels left.
You didn't know any spells.
Your spell library contained the following spells:

 Spells                   Type           Power      Damage    Failure   Level
 Magic Dart               Conj           0%         1d3       100%        1
 Ensorcelled Hibernation  Hex/Ice        0%         N/A       100%        2
 Searing Ray              Conj           0%         2d4       100%        2
 Static Discharge         Conj/Air       0%         N/A       100%        2
 Call Canine Familiar     Summ           0%         N/A       100%        3
 Portal Projectile        Hex/Tloc       0%         N/A       100%        3
 Spider Form              Tmut/Pois      0%         N/A       100%        3
 Anguish                  Hex/Necr       0%         N/A       100%        4
 Fulminant Prism          Conj/Hex       0%         3d6       100%        4
 Leda's Liquefaction      Hex/Erth       0%         N/A       100%        4
 Blade Hands              Tmut           0%         N/A       100%        5
 Excruciating Wounds      Necr           0%         N/A       100%        5
 Lightning Bolt           Conj/Air       0%         1d11      100%        5
 Maxwell's Capacitive Co  Air            0%         ∞         100%        8


Dungeon Overview and Level Annotations

Branches:
Dungeon (13/15)            Temple (1/1) D:4            Lair (0/6) D:11
    Orc (0/2) D:9
 Vaults: D:13-14

Altars:
Ashenzari
Cheibriados
Elyvilon
Fedhas
Gozag
Hepliaklqana
Okawaru
Ru
Trog
Vehumet
Wu Jian
Yredelemnul
Zin

Shops:
D:3 ?   D:7 :

Annotations:
D:12 2 transporters, cbfl8's ghost, journeyman MiFi


Innate Abilities, Weirdness & Mutations

Your life essence is reduced to manifest your ancestor. (-10% HP)
You have claws for hands.
You are completely covered in thin metallic scales. (AC +4, rElec)
You regenerate magic rapidly.
Spells you cast may paralyse adjacent enemies.


Message History

That felt strangely unrewarding.
You closely miss the raiju.
You hit the thrashing horror but do no damage.
You slash the anaconda skeleton!
Lightning courses through the anaconda skeleton!
The thrashing horror tramples you but does no damage.
The thrashing horror barely misses you. The anaconda skeleton grabs you.
You block the anaconda skeleton's attack.
The anaconda skeleton constricts you.
You block the thrashing horror's attack.
The thrashing horror barely misses you.
A starcursed mass splits.
A chorus of shrieks assaults your mind.
The raiju bursts into living lightning!
The living lightning hits you. You resist.
The raiju blinks!
The anaconda skeleton bites you but does no damage.
The anaconda skeleton constricts you.
The anaconda skeleton's grasp on you weakens, but your attempt to escape fails.
A starcursed mass splits.
A deafening chorus of shrieks assaults your mind!
* * * LOW HITPOINT WARNING * * *
The anaconda skeleton barely misses you.
The anaconda skeleton constricts you. The thrashing horror tramples you.
You are held in place!
The thrashing horror tramples you but does no damage.
You slash the thrashing horror!
The thrashing horror is heavily damaged.
You barely miss the anaconda skeleton.
The thrashing horror tramples you but does no damage.
The thrashing horror tramples you.
* * * LOW HITPOINT WARNING * * *
You are held in place!
The raiju bursts into living lightning!
The living lightning hits you. You resist.
* * * LOW HITPOINT WARNING * * *
The raiju blinks!
The smoke demon gestures at you. Something smites you!
* * * LOW HITPOINT WARNING * * *
A deafening chorus of shrieks assaults your mind!
* * * LOW HITPOINT WARNING * * *
The anaconda skeleton bites you!
You die...

.# .# . .. .. .#
...#########.#####
. ................
....§....†@h......
.........ZX.......
.######......#....
....#X.......... #
#..§3'X#..#####..
#.#....#X#.....
#.#.3X.#.###..# ..
#..X###... ##..
##. ##X# #.


You could see 5 starcursed masses, a thrashing horror, a smoke demon, a raiju, a
neqoxec and an anaconda skeleton.

Vanquished Creatures
  A bunyip (D:11)
  A two-headed ogre (D:11)
  Urug (D:10)
  5 starcursed masses (Abyss:2)
  An ugly thing (D:9)
  A cyclops (D:12)
  A manticore (D:13)
  An unseen horror (D:11)
  2 centaur zombies
  A kobold demonologist (D:10)
  Maggie (D:10)
  A freezing wraith (Abyss:2)
  2 tengu conjurers (D:13)
  A troll (D:13)
  2 blink frogs (Abyss:2)
  3 slime creatures (D:12)
  A raiju (Abyss:2)
  11 yaks
  A basilisk (D:11)
  2 redbacks (D:11)
  A chaos spawn (Abyss:2)
  2 vampire mosquitoes (D:13)
  3 water moccasins (D:11)
  3 orc warriors
  A large abomination (Abyss:2)
  4 black bears
  4 necrophages
  A wolf (D:11)
  An ogre (D:5)
  A small abomination (Abyss:2)
  A centaur (D:9)
  A kobold brigand (D:7)
  3 bullfrogs
  4 scorpions
  A wyvern zombie (D:8)
  A gnoll sergeant (D:8)
  An earth elemental (Abyss:2)
  A wyvern skeleton (D:6)
  3 killer bees (D:8)
  2 howler monkeys (D:7)
  A hound (D:6)
  4 orc priests
  2 iguanas
  9 orc wizards
  A killer bee zombie (D:9)
  12 gnolls
  5 adders
  A shadow imp (D:8)
  An ufetubus (D:5)
  3 worms
  2 dart slugs (D:3)
  32 orcs
  12 ball pythons
  12 endoplasms
  4 giant cockroaches
  5 hobgoblins
  4 jackals
  14 kobolds
  2 quokkas (D:4)
  5 bats
  7 frilled lizards
  4 goblins
  3 rats
224 creatures vanquished.

Vanquished Creatures (collateral kills)
  A deep elf pyromancer (D:12)
  A centaur zombie (D:11)
  An unseen horror (D:10)
  2 kobold demonologists
  A troll (D:13)
  3 slime creatures (D:12)
  A blink frog (Abyss:2)
  A shadow (D:12)
  2 vampires (D:11)
  2 wyverns (D:11)
  A wraith (D:10)
  8 yaks
  A redback (D:11)
  An acid dragon (D:8)
  A black bear (D:11)
  2 sky beasts (D:6)
  An orc warrior (D:9)
  A centaur (D:6)
  3 kobold brigands
  A bullfrog (D:9)
  6 howler monkeys
  A hound (D:6)
  4 orc priests
  An iguana (D:7)
  5 orc wizards
  A killer bee zombie (D:7)
  An adder (D:9)
  A gnoll (D:8)
  13 orcs
  A giant cockroach (D:9)
  A frilled lizard (D:9)
  4 kobolds
74 creatures vanquished.

Vanquished Creatures (others)
  9 battlemagi
  A bush (Abyss:2)
  A fungus (D:11)
  11 plants (D:11)
22 creatures vanquished.

Grand Total: 320 creatures vanquished

Notes
Turn   | Place    | Note
-------+----------+-------------------------------------------
     0 | D:1      | cbfl8 the Demonspawn Fighter began the quest for the Orb.
     0 | D:1      | Reached XP level 1. HP: 18/18 MP: 1/1
   338 | D:1      | Gained mutation: You are partially covered in thin metallic
                  | scales. (AC +2) [demonic ancestry]
   338 | D:1      | Reached XP level 2. HP: 23/24 MP: 2/2
   433 | D:1      | Found a faded altar of an unknown god.
   502 | D:1      | Reached skill level 2 in Axes
   673 | D:2      | Reached skill level 1 in Evocations
   675 | D:2      | Gained mutation: You are mostly covered in thin metallic
                  | scales. (AC +3) [demonic ancestry]
   675 | D:2      | Reached XP level 3. HP: 21/29 MP: 3/3
  1569 | D:3      | Gained mutation: Spells you cast may paralyse adjacent
                  | enemies. [demonic ancestry]
  1569 | D:3      | Reached XP level 4. HP: 35/35 MP: 4/4
  1716 | D:3      | Found Ruemit's Magic Scroll Boutique.
  1726 | D:3      | Bought a scroll of teleportation for 36 gold pieces
  1726 | D:3      | Bought a scroll of identify for 24 gold pieces
  1726 | D:3      | Bought a scroll of identify for 24 gold pieces
  2247 | D:4      | Reached skill level 3 in Axes
  2370 | D:4      | Gained mutation: You are completely covered in thin
                  | metallic scales. (AC +4, rElec) [demonic ancestry]
  2370 | D:4      | Reached XP level 5. HP: 40/41 MP: 5/5
  2736 | D:4      | Found a staircase to the Ecumenical Temple.
  2761 | Temple   | Entered the Ecumenical Temple
  2826 | Temple   | Became a worshipper of Hepliaklqana the Forgotten
  3020 | D:4      | Gained mutation: You have sharp fingernails. [demonic
                  | ancestry]
  3020 | D:4      | Reached XP level 6. HP: 45/48 MP: 6/6
  3288 | D:5      | Entered Level 5 of the Dungeon
  3305 | D:5      | Reached skill level 4 in Axes
  3635 | D:5      | Gained mutation: You have very sharp fingernails. [demonic
                  | ancestry]
  3635 | D:5      | Reached XP level 7. HP: 53/54 MP: 7/7
  4798 | D:6      | Reached * piety under Hepliaklqana
  4937 | D:6      | Reached skill level 5 in Axes
  4937 | D:6      | Reached skill level 1 in Polearms
  5284 | D:6      | Gained mutation: You regenerate magic rapidly. [demonic
                  | ancestry]
  5284 | D:6      | Reached XP level 8. HP: 49/54 MP: 8/8
  5586 | D:6      | Found a radiant altar of Vehumet.
  5790 | D:7      | Reached skill level 6 in Axes
  5824 | D:7      | Found an opulent altar of Gozag.
  6008 | D:7      | Reached ** piety under Hepliaklqana
  6009 | D:7      | Remembered your ancestor Valentine as a battlemage
  6308 | D:6      | Reached skill level 5 in Fighting
  6634 | D:7      | Found Etet's Book Shoppe.
  6858 | D:8      | Reached skill level 7 in Axes
  7419 | D:8      | Gained mutation: You have claws for hands. [demonic
                  | ancestry]
  7419 | D:8      | Reached XP level 9. HP: 56/61 MP: 9/9
  7497 | D:8      | Reached skill level 5 in Armour
  7883 | D:8      | Reached skill level 5 in Evocations
  8169 | D:9      | Reached skill level 8 in Axes
  8243 | D:9      | Noticed a green ugly thing
  8253 | D:9      | Killed a green ugly thing
  8254 | D:9      | Reached XP level 10. HP: 68/68 MP: 10/10
  8352 | D:9      | Reached *** piety under Hepliaklqana
  8409 | D:9      | Found a sacrificial altar of Ru.
  8534 | D:9      | Identified the ring "Wuat" {rF+ rCorr MP+9 Int-3}
  8774 | D:9      | Found a staircase to the Orcish Mines.
  9313 | D:10     | Entered Level 10 of the Dungeon
  9390 | D:10     | Noticed a sixfirhy
  9393 | D:10     | Reached skill level 9 in Axes
  9744 | D:10     | Reached **** piety under Hepliaklqana
 10200 | D:10     | Noticed Urug
 10210 | D:10     | Killed Urug
 10211 | D:10     | Reached skill level 5 in Polearms
 10427 | D:10     | Noticed Maggie
 10434 | D:10     | Killed Maggie
 11026 | D:11     | Reached skill level 1 in Invocations
 11128 | D:11     | Reached XP level 11. HP: 70/74 MP: 12/12
 11180 | D:11     | Noticed a boulder beetle
 11188 | D:11     | Noticed a bunyip
 11188 | D:11     | a boulder beetle changed into a bunyip
 11197 | D:11     | Killed a bunyip
 11540 | D:11     | Reached skill level 10 in Axes
 11750 | D:11     | Found a staircase to the Lair.
 12150 | D:11     | Noticed a two-headed ogre
 12157 | D:11     | Killed a two-headed ogre
 12952 | D:12     | Reached ***** piety under Hepliaklqana
 12992 | D:12     | Found a transporter.
 12994 | D:12     | Noticed cbfl8's ghost (journeyman MiFi)
 12995 | D:12     | Noticed a vampire knight
 12996 | D:12     | Found a transporter.
 12999 | D:12     | Noticed a skeletal warrior
 13151 | D:12     | Noticed a deep elf pyromancer
 13165 | D:12     | Killed a deep elf pyromancer
 13251 | D:12     | Reached skill level 5 in Invocations
 13468 | D:12     | Reached skill level 11 in Axes
 13974 | D:13     | Reached XP level 12. HP: 73/81 MP: 16/16
 15397 | D:13     | Noticed a boulder beetle
 15403 | D:13     | You are sucked into a shaft and drop 2 floors!
 15403 | D:15     | Entered Level 15 of the Dungeon
 15406 | D:15     | Cast into level 2 of the Abyss (a wizard)
 15415 | Abyss:2  | Noticed a bone dragon
 15530 | Abyss:2  | Noticed a starcursed mass
 15542 | Abyss:2  | Killed a starcursed mass
 15542 | Abyss:2  | Killed a starcursed mass
 15545 | Abyss:2  | Noticed a starcursed mass
 15612 | Abyss:2  | Noticed a starcursed mass
 15650 | Abyss:2  | HP: 4/82 [starcursed mass/accursed screaming (8)]
 15650 | Abyss:2  | Slain by an anaconda skeleton

Illustrated notes

Levels and vault maps discovered:
D:1:      dpeg_arrival_tiny_a, layout_loops_ring,
          shapermc_ecumenical_altar_acropolis
D:2:      layout_rooms, minmay_misc_feat_hallway, st_stairs_4, minmay_domino_4
D:3:      layout_rooms, serial_shops, nicolae_shop_statue_plus
D:4:      layout_cave_pods, temple_green
D:5:      lemuel_ice_spiral_2, layout_basic, nicolae_zen_rock_garden
D:6:      layout_cave_pods, general_overflow_altar, lightli_orcish_oven
D:7:      layout_rooms, mainiacjoe_overflow_alcove_2, serial_shops,
          nicolae_shop_advertising_works [nicolae_subvault_shop_adworks]
D:8:      layout_basic, minmay_puff
D:9:      layout_basic, nicolae_ru_great_annihilating_truth, hiddenorc1_lemuel
D:10:     layout_irregular_city, minmay_unpleasant_kobolds, uniq_urug,
          uniq_maggie
D:11:     layout_irregular_city, minmay_lair_entry_grove, evilmike_butchery
D:12:     layout_long_grid, gammafunk_ghost_mausoleum, serial_glass,
          glass_columns_c, glass_columns_b
D:13:     layout_basic
D:15:     hangedman_depths_entry_civil_slaughter, layout_gridville,
          serial_rivers, chequers_serial_rivers_small_a,
          chequers_serial_rivers_small_b, chequers_serial_rivers_small_a,
          chequers_serial_rivers_micro_d
Temple:   mainiacjoe_temple_bowtie_tessellation
Abyss:2:  base: D:11, gammafunk_corrupted_shrine, hangedman_classic_abyss_death,
          hangedman_abyss_theft

Skill      XL: |  1  2  3  4  5  6  7  8  9 10 11 12 |
---------------+-------------------------------------+-----
Axes           | 2 3 4 5 7 8 9 11 | 11.2
Evocations     | 1 2 3 4 5 6 7 8 |  8.0
Shields        | 3 4 |  4.9
Armour         | 3 4 5 7 8 |  8.2
Fighting       | 4 5 6 7 |  7.7
Polearms       | 1 2 4 5 |  5.1
Invocations    | 1 5 |  5.9

Action                   |  1- 3 |  4- 6 |  7- 9 | 10-12 || total
-------------------------+-------+-------+-------+-------++-------
Melee: War axe           |    98 |   112 |   209 |    73 ||   492
       Broad axe         |       |       |       |   210 ||   210
Invok: Ancestor Identity |       |       |     1 |       ||     1
       Ancestor Life: Ba |       |       |     1 |       ||     1
       Recall Ancestor   |       |       |       |     2 ||     2
Evoke: Wand              |       |       |       |    11 ||    11
  Use: Scroll            |       |     5 |     6 |    10 ||    21
       Potion            |       |     1 |     3 |    14 ||    18
 Stab: Distracted        |       |       |       |     4 ||     4
Armor: Scale mail        |    49 |    82 |   121 |       ||   252
       Chain mail        |       |       |    51 |   239 ||   290
Dodge: Dodged            |    30 |    63 |    92 |    89 ||   274
Block: Buckler           |    23 |    30 |    57 |    80 ||   190
